Workbook
Name prin1: 还款计划表!$B$6
Name rate: 还款计划表!$B$7

Sheet 报价计算表
B2: 融资租赁报价计算表
B3: 设备总价 | C3: 首付款比例 | D3: 首付款 | E3: 融资金额 | F3: 融资期限（月） | G3: 起租时间（年月日）
B4: 1000000 | C4: 0 | D4: =B4*C4 -> 0 | E4: =B4-D4 -> 1000000 | F4: 60 | G4: 41122
B5: 利率浮动方式 | C5: 浮动比例 | D5: 利率 | E5: 保证金（按融资金额比例） | F5: 手续费支付方式 | G5: 手续费（按设备总价比例）
B6: 36个月-60个月（含60个月） | C6: 0.25 | D6: =IF(B6=参数范围!G3,参数范围!I3,VLOOKUP(B6,参数范围!$G$4:$I$10,3,0)*(1+C6)) -> 0.08 | E6: 0.1 | F6: 随租金支付 | G6: 0.02
B7: 租金期数 | C7: 宽限期（月数，录入0则为无宽限期） | D7: 租金支付周期 | E7: 租赁余值 | F7: 租金支付方式 | G7: 每期租金额PMT(rate,nper,pv,fv,type)
B8: =F4/VLOOKUP($D$8,参数范围!$K$3:$M$10,3,0) -> 60 | C8: 0 | D8: 月 | E8: 0 | F8: 0 | G8: =-PMT(D6/VLOOKUP($D$8,参数范围!$K$3:$L$10,2,0),F4/VLOOKUP($D$8,参数范围!$K$3:$M$10,3,0),E4*(1-0),E8,F8) -> 20276.394
A11: 使用说明：
B12: 1.请输入黄色阴影部分的数值，灰色部分为公式自动生成，请不要改变。
B13: 2.蓝色部分，请根据下拉菜单选择选项。
B14: 3.手续费为设备售价乘以手续费比率，保证金为融资额乘以保证金比率。

Sheet 还款计划表
A1: 融资租赁还款计划表
A3: 设备总价 | B3: =报价计算表!B4 -> 1000000 | D3: 起租日 | E3: =报价计算表!G4 -> 41122
A4: 首付款比例 | B4: =报价计算表!C4 -> 0 | D4: 手续费 | E4: =报价计算表!B4*报价计算表!G6 -> 20000
A5: 首付款 | B5: =B3*B4 -> 0 | D5: 保证金 | E5: =报价计算表!E4*报价计算表!E6 -> 100000
A6: 融资本金 | B6: =报价计算表!E4 -> 1000000
A7: 年利率 | B7: =报价计算表!D6 -> 0.08
A8: 融资期数 | B8: =报价计算表!B8 -> 60 | D8: 租金支付周期 | E8: =报价计算表!D8 -> 月
A9: 每期租金 | B9: =报价计算表!G8 -> 20276.394
G10: 金额：元
D11: 总计还款金额 | E11: 总计还款本金 | F11: 总计还款利息 | G11: 最终本金余额 | H11: 总计还款本金 | I11: 总计还款利息 | J11: 最终本金余额
A12: 合计 | D12: =SUM(D16:D76) -> 1216583.7 | E12: =SUM(E16:E76) -> 1000000 | F12: =SUM(F16:F76) -> 216583.66 | G12: =prin1-E12 -> 0 | H12: =SUM(H16:H76) -> 1000000 | I12: =SUM(I16:I76) -> 216583.66 | J12: =prin1-H12 -> 0
B14: 还款日期 | C14: 期数 | D14: 还款金额 | G14: 本金余额 | H14: 还款本息 | J14: 本金余额
B15: 15 | E15: 本金部分 | F15: 利息部分 | H15: 本金部分 | I15: 利息部分
B16: =DATE(YEAR(E3),MONTH(E3)+VLOOKUP($E$8,参数范围!$K$3:$M$7,3,0),DAY(B15)) -> 41167 | C16: 1 | D16: =IF(C16<>"",报价计算表!$G$8,"") -> 20276.394 | E16: =IF(C16<>$B$8,H16,D16-F16) -> 13609.728 | F16: =IF(C16<>$B$8,I16,I16-J16) -> 6666.6667 | G16: =IF(C16<>$B$8,J16,0) -> 986390.27 | H16: =IF(C16<>"",D16-I16,"") -> 13609.728 | I16: =IF(C17<>"",报价计算表!$E$4*报价计算表!$D$6/VLOOKUP(报价计算表!$D$8,参数范围!$K$3:$L$10,2,0),"") -> 6666.6667 | J16: =IF(C16<>"",B$6-H16,"") -> 986390.27
B17: =IF(C17<>"",IF(C17<>$B$8,DATE(YEAR(B16),MONTH(B16)+VLOOKUP($E$8,参数范围!$K$3:$M$7,3,0),DAY(B16)),DATE(YEAR(B16),MONTH(B16)++VLOOKUP($E$8,参数范围!$K$3:$M$7,3,0),DAY($E$3))),"") -> 41197 | C17: =IF(C16<$B$8,C16+1,"") -> 2 | D17: =IF(C17<>"",报价计算表!$G$8,"") -> 20276.394 | E17: =IF(C17<>$B$8,H17,D17-F17) -> 13700.459 | F17: =IF(C17<>$B$8,I17,I17-J17) -> 6575.9351 | G17: =IF(C17<>$B$8,J17,0) -> 972689.81 | H17: =IF(C17<>"",D17-I17,"") -> 13700.459 | I17: =IF(C17<>"",(报价计算表!$E$4-SUM(还款计划表!$H$16:H16))*报价计算表!$D$6/VLOOKUP(报价计算表!$D$8,参数范围!$K$3:$L$10,2,0),"") -> 6575.9351 | J17: =IF(C17<>"",J16-H17,"") -> 972689.81
B18: =IF(C18<>"",IF(C18<>$B$8,DATE(YEAR(B17),MONTH(B17)+VLOOKUP($E$8,参数范围!$K$3:$M$7,3,0),DAY(B17)),DATE(YEAR(B17),MONTH(B17)++VLOOKUP($E$8,参数范围!$K$3:$M$7,3,0),DAY($E$3))),"") -> 41228 | C18: =IF(C17<$B$8,C17+1,"") -> 3 | D18: =IF(C18<>"",报价计算表!$G$8,"") -> 20276.394 | E18: =IF(C18<>$B$8,H18,D18-F18) -> 13791.796 | F18: =IF(C18<>$B$8,I18,I18-J18) -> 6484.5988 | G18: =IF(C18<>$B$8,J18,0) -> 958898.02 | H18: =IF(C18<>"",D18-I18,"") -> 13791.796 | I18: =IF(C18<>"",(报价计算表!$E$4-SUM(还款计划表!$H$16:H17))*报价计算表!$D$6/VLOOKUP(报价计算表!$D$8,参数范围!$K$3:$L$10,2,0),"") -> 6484.5988 | J18: =IF(C18<>"",J17-H18,"") -> 958898.02
B19: =IF(C19<>"",IF(C19<>$B$8,DATE(YEAR(B18),MONTH(B18)+VLOOKUP($E$8,参数范围!$K$3:$M$7,3,0),DAY(B18)),DATE(YEAR(B18),MONTH(B18)++VLOOKUP($E$8,参数范围!$K$3:$M$7,3,0),DAY($E$3))),"") -> 41258 | C19: =IF(C18<$B$8,C18+1,"") -> 4 | D19: =IF(C19<>"",报价计算表!$G$8,"") -> 20276.394 | E19: =IF(C19<>$B$8,H19,D19-F19) -> 13883.741 | F19: =IF(C19<>$B$8,I19,I19-J19) -> 6392.6535 | G19: =IF(C19<>$B$8,J19,0) -> 945014.28 | H19: =IF(C19<>"",D19-I19,"") -> 13883.741 | I19: =IF(C19<>"",(报价计算表!$E$4-SUM(还款计划表!$H$16:H18))*报价计算表!$D$6/VLOOKUP(报价计算表!$D$8,参数范围!$K$3:$L$10,2,0),"") -> 6392.6535 | J19: =IF(C19<>"",J18-H19,"") -> 945014.28
B20: =IF(C20<>"",IF(C20<>$B$8,DATE(YEAR(B19),MONTH(B19)+VLOOKUP($E$8,参数范围!$K$3:$M$7,3,0),DAY(B19)),DATE(YEAR(B19),MONTH(B19)++VLOOKUP($E$8,参数范围!$K$3:$M$7,3,0),DAY($E$3))),"") -> 41289 | C20: =IF(C19<$B$8,C19+1,"") -> 5 | D20: =IF(C20<>"",报价计算表!$G$8,"") -> 20276.394 | E20: =IF(C20<>$B$8,H20,D20-F20) -> 13976.299 | F20: =IF(C20<>$B$8,I20,I20-J20) -> 6300.0952 | G20: =IF(C20<>$B$8,J20,0) -> 931037.98 | H20: =IF(C20<>"",D20-I20,"") -> 13976.299 | I20: =IF(C20<>"",(报价计算表!$E$4-SUM(还款计划表!$H$16:H19))*报价计算表!$D$6/VLOOKUP(报价计算表!$D$8,参数范围!$K$3:$L$10,2,0),"") -> 6300.0952 | J20: =IF(C20<>"",J19-H20,"") -> 931037.98
B21: =IF(C21<>"",IF(C21<>$B$8,DATE(YEAR(B20),MONTH(B20)+VLOOKUP($E$8,参数范围!$K$3:$M$7,3,0),DAY(B20)),DATE(YEAR(B20),MONTH(B20)++VLOOKUP($E$8,参数范围!$K$3:$M$7,3,0),DAY($E$3))),"") -> 41320 | C21: =IF(C20<$B$8,C20+1,"") -> 6 | D21: =IF(C21<>"",报价计算表!$G$8,"") -> 20276.394 | E21: =IF(C21<>$B$8,H21,D21-F21) -> 14069.474 | F21: =IF(C21<>$B$8,I21,I21-J21) -> 6206.9199 | G21: =IF(C21<>$B$8,J21,0) -> 916968.5 | H21: =IF(C21<>"",D21-I21,"") -> 14069.474 | I21: =IF(C21<>"",(报价计算表!$E$4-SUM(还款计划表!$H$16:H20))*报价计算表!$D$6/VLOOKUP(报价计算表!$D$8,参数范围!$K$3:$L$10,2,0),"") -> 6206.9199 | J21: =IF(C21<>"",J20-H21,"") -> 916968.5
B22: =IF(C22<>"",IF(C22<>$B$8,DATE(YEAR(B21),MONTH(B21)+VLOOKUP($E$8,参数范围!$K$3:$M$7,3,0),DAY(B21)),DATE(YEAR(B21),MONTH(B21)++VLOOKUP($E$8,参数范围!$K$3:$M$7,3,0),DAY($E$3))),"") -> 41348 | C22: =IF(C21<$B$8,C21+1,"") -> 7 | D22: =IF(C22<>"",报价计算表!$G$8,"") -> 20276.394 | E22: =IF(C22<>$B$8,H22,D22-F22) -> 14163.271 | F22: =IF(C22<>$B$8,I22,I22-J22) -> 6113.1234 | G22: =IF(C22<>$B$8,J22,0) -> 902805.23 | H22: =IF(C22<>"",D22-I22,"") -> 14163.271 | I22: =IF(C22<>"",(报价计算表!$E$4-SUM(还款计划表!$H$16:H21))*报价计算表!$D$6/VLOOKUP(报价计算表!$D$8,参数范围!$K$3:$L$10,2,0),"") -> 6113.1234 | J22: =IF(C22<>"",J21-H22,"") -> 902805.23
B23: =IF(C23<>"",IF(C23<>$B$8,DATE(YEAR(B22),MONTH(B22)+VLOOKUP($E$8,参数范围!$K$3:$M$7,3,0),DAY(B22)),DATE(YEAR(B22),MONTH(B22)++VLOOKUP($E$8,参数范围!$K$3:$M$7,3,0),DAY($E$3))),"") -> 41379 | C23: =IF(C22<$B$8,C22+1,"") -> 8 | D23: =IF(C23<>"",报价计算表!$G$8,"") -> 20276.394 | E23: =IF(C23<>$B$8,H23,D23-F23) -> 14257.693 | F23: =IF(C23<>$B$8,I23,I23-J23) -> 6018.7015 | G23: =IF(C23<>$B$8,J23,0) -> 888547.54 | H23: =IF(C23<>"",D23-I23,"") -> 14257.693 | I23: =IF(C23<>"",(报价计算表!$E$4-SUM(还款计划表!$H$16:H22))*报价计算表!$D$6/VLOOKUP(报价计算表!$D$8,参数范围!$K$3:$L$10,2,0),"") -> 6018.7015 | J23: =IF(C23<>"",J22-H23,"") -> 888547.54
B24: =IF(C24<>"",IF(C24<>$B$8,DATE(YEAR(B23),MONTH(B23)+VLOOKUP($E$8,参数范围!$K$3:$M$7,3,0),DAY(B23)),DATE(YEAR(B23),MONTH(B23)++VLOOKUP($E$8,参数范围!$K$3:$M$7,3,0),DAY($E$3))),"") -> 41409 | C24: =IF(C23<$B$8,C23+1,"") -> 9 | D24: =IF(C24<>"",报价计算表!$G$8,"") -> 20276.394 | E24: =IF(C24<>$B$8,H24,D24-F24) -> 14352.744 | F24: =IF(C24<>$B$8,I24,I24-J24) -> 5923.6503 | G24: =IF(C24<>$B$8,J24,0) -> 874194.8 | H24: =IF(C24<>"",D24-I24,"") -> 14352.744 | I24: =IF(C24<>"",(报价计算表!$E$4-SUM(还款计划表!$H$16:H23))*报价计算表!$D$6/VLOOKUP(报价计算表!$D$8,参数范围!$K$3:$L$10,2,0),"") -> 5923.6503 | J24: =IF(C24<>"",J23-H24,"") -> 874194.8
B25: =IF(C25<>"",IF(C25<>$B$8,DATE(YEAR(B24),MONTH(B24)+VLOOKUP($E$8,参数范围!$K$3:$M$7,3,0),DAY(B24)),DATE(YEAR(B24),MONTH(B24)++VLOOKUP($E$8,参数范围!$K$3:$M$7,3,0),DAY($E$3))),"") -> 41440 | C25: =IF(C24<$B$8,C24+1,"") -> 10 | D25: =IF(C25<>"",报价计算表!$G$8,"") -> 20276.394 | E25: =IF(C25<>$B$8,H25,D25-F25) -> 14448.429 | F25: =IF(C25<>$B$8,I25,I25-J25) -> 5827.9653 | G25: =IF(C25<>$B$8,J25,0) -> 859746.37 | H25: =IF(C25<>"",D25-I25,"") -> 14448.429 | I25: =IF(C25<>"",(报价计算表!$E$4-SUM(还款计划表!$H$16:H24))*报价计算表!$D$6/VLOOKUP(报价计算表!$D$8,参数范围!$K$3:$L$10,2,0),"") -> 5827.9653 | J25: =IF(C25<>"",J24-H25,"") -> 859746.37
B26: =IF(C26<>"",IF(C26<>$B$8,DATE(YEAR(B25),MONTH(B25)+VLOOKUP($E$8,参数范围!$K$3:$M$7,3,0),DAY(B25)),DATE(YEAR(B25),MONTH(B25)++VLOOKUP($E$8,参数范围!$K$3:$M$7,3,0),DAY($E$3))),"") -> 41470 | C26: =IF(C25<$B$8,C25+1,"") -> 11 | D26: =IF(C26<>"",报价计算表!$G$8,"") -> 20276.394 | E26: =IF(C26<>$B$8,H26,D26-F26) -> 14544.752 | F26: =IF(C26<>$B$8,I26,I26-J26) -> 5731.6424 | G26: =IF(C26<>$B$8,J26,0) -> 845201.61 | H26: =IF(C26<>"",D26-I26,"") -> 14544.752 | I26: =IF(C26<>"",(报价计算表!$E$4-SUM(还款计划表!$H$16:H25))*报价计算表!$D$6/VLOOKUP(报价计算表!$D$8,参数范围!$K$3:$L$10,2,0),"") -> 5731.6424 | J26: =IF(C26<>"",J25-H26,"") -> 845201.61
B27: =IF(C27<>"",IF(C27<>$B$8,DATE(YEAR(B26),MONTH(B26)+VLOOKUP($E$8,参数范围!$K$3:$M$7,3,0),DAY(B26)),DATE(YEAR(B26),MONTH(B26)++VLOOKUP($E$8,参数范围!$K$3:$M$7,3,0),DAY($E$3))),"") -> 41501 | C27: =IF(C26<$B$8,C26+1,"") -> 12 | D27: =IF(C27<>"",报价计算表!$G$8,"") -> 20276.394 | E27: =IF(C27<>$B$8,H27,D27-F27) -> 14641.717 | F27: =IF(C27<>$B$8,I27,I27-J27) -> 5634.6774 | G27: =IF(C27<>$B$8,J27,0) -> 830559.9 | H27: =IF(C27<>"",D27-I27,"") -> 14641.717 | I27: =IF(C27<>"",(报价计算表!$E$4-SUM(还款计划表!$H$16:H26))*报价计算表!$D$6/VLOOKUP(报价计算表!$D$8,参数范围!$K$3:$L$10,2,0),"") -> 5634.6774 | J27: =IF(C27<>"",J26-H27,"") -> 830559.9
B28: =IF(C28<>"",IF(C28<>$B$8,DATE(YEAR(B27),MONTH(B27)+VLOOKUP($E$8,参数范围!$K$3:$M$7,3,0),DAY(B27)),DATE(YEAR(B27),MONTH(B27)++VLOOKUP($E$8,参数范围!$K$3:$M$7,3,0),DAY($E$3))),"") -> 41532 | C28: =IF(C27<$B$8,C27+1,"") -> 13 | D28: =IF(C28<>"",报价计算表!$G$8,"") -> 20276.394 | E28: =IF(C28<>$B$8,H28,D28-F28) -> 14739.328 | F28: =IF(C28<>$B$8,I28,I28-J28) -> 5537.066 | G28: =IF(C28<>$B$8,J28,0) -> 815820.57 | H28: =IF(C28<>"",D28-I28,"") -> 14739.328 | I28: =IF(C28<>"",(报价计算表!$E$4-SUM(还款计划表!$H$16:H27))*报价计算表!$D$6/VLOOKUP(报价计算表!$D$8,参数范围!$K$3:$L$10,2,0),"") -> 5537.066 | J28: =IF(C28<>"",J27-H28,"") -> 815820.57
... B87: =IF(C87<>"",IF(C87<>$B$8,DATE(YEAR(B86),MONTH(B86)+VLOOKUP($E$8,参数范围!$K$3:$M$7,3,0),DAY(B86)),DATE(YEAR(B86),MONTH(B86)++VLOOKUP($E$8,参数范围!$K$3:$M$7,3,0),DAY($E$3))),"") | C87: =IF(C86<$B$8,C86+1,"") | D87: =IF(C87<>"",报价计算表!$G$8,"") | E87: =IF(C87<>$B$8,H87,D87-F87) | F87: =IF(C87<>$B$8,I87,I87-J87) | G87: =IF(C87<>$B$8,J87,0) | H87: =IF(C87<>"",D87-I87,"") | I87: =IF(C87<>"",(报价计算表!$E$4-SUM(还款计划表!$H$16:H86))*报价计算表!$D$6/VLOOKUP(报价计算表!$D$8,参数范围!$K$3:$L$10,2,0),"") | J87: =IF(C87<>"",J86-H87,"")

Sheet IRR
A4: 贷款净额 | B4: IRR
A5: =报价计算表!E4*(1-报价计算表!E6) -> 900000 | B5: 0.031665969
A7: 手续费及租金现值
A11: =A5-A8 -> 900000

Sheet 参数范围
A2: 融资期限（月） | B2: 利率浮动方式 | C2: 手续费支付方式 | D2: 租金支付周期 | E2: 租金支付方式（1表示前付，0表示后付） | G2: PBOC贷款基准利率 | K2: 租金支付周期 | L2: 年期数 | M2: 月份数 | N2: 天数
A3: 24 | B3: 固定利率 | C3: 起租时一次性支付 | D3: 月 | E3: 0 | G3: 固定利率 | I3: 0.08 | K3: 月 | L3: 12 | M3: 1 | N3: 30
A4: 36 | B4: 按年浮动 | C4: 每年初支付 | D4: 双月 | E4: 1 | G4: 6至12个月（含12个月） | H4: 6至12个月 | I4: 0.06 | K4: 双月 | L4: 6 | M4: 2 | N4: =M4*$N$3 -> 60
A5: 48 | B5: 按季浮动 | C5: 随租金支付 | D5: 季度 | G5: 6个月以内（含6个月） | H5: 6个月以内 | I5: 0.056 | K5: 季度 | L5: 4 | M5: 3 | N5: =M5*$N$3 -> 90
A6: 60 | D6: 半年 | G6: 12个月-36个月（含36个月） | H6: 12个月-36个月 | I6: 0.0615 | K6: 半年 | L6: 2 | M6: 6 | N6: =M6*$N$3 -> 180
A7: 72 | D7: 一年 | G7: 36个月-60个月（含60个月） | H7: 36个月-60个月 | I7: 0.064 | K7: 一年 | L7: 1 | M7: 12 | N7: =M7*$N$3 -> 360
G8: 60个月以上 | H8: 60个月以上 | I8: 0.0655
G23: 利率项目 | I23: 年利率(%)
G24: 六个月以内（含6个月）贷款 | I24: 5.6
G25: 六个月至一年（含1年）贷款 | I25: 6
G26: 一至三年（含3年）贷款 | I26: 6.15
G27: 三至五年（含5年）贷款 | I27: 6.4
G28: 五年以上贷款 | I28: 6.55

Sheet PBOC贷款基准利率
A1: 中国人民银行人民币存贷款基准利率历次调整一览表（1年期）
A2: 调整日期 | B2: 存款基准利率 | E2: 贷款基准利率
B3: 调整前 | C3: 调整后 | D3: 幅度 | E3: 调整前 | F3: 调整后 | G3: 幅度
A4: 41095 | B4: 0.0325 | C4: 0.03 | D4: -0.0025 | E4: 0.0631 | F4: 0.06 | G4: -0.0031
A5: 41068 | B5: 0.035 | C5: 0.0325 | D5: -0.0025 | E5: 0.0656 | F5: 0.0631 | G5: -0.0025
A6: 40731 | B6: 0.0325 | C6: 0.035 | D6: 0.0025 | E6: 0.0631 | F6: 0.0656 | G6: 0.0025
A7: 40639 | B7: 0.03 | C7: 0.0325 | D7: 0.0025 | E7: 0.0606 | F7: 0.0631 | G7: 0.0025
A8: 40583 | B8: 0.0275 | C8: 0.03 | D8: 0.0025 | E8: 0.0581 | F8: 0.0606 | G8: 0.0025
A9: 40538 | B9: 0.025 | C9: 0.0275 | D9: 0.0025 | E9: 0.0556 | F9: 0.0581 | G9: 0.0025
A10: 40471 | B10: 0.0225 | C10: 0.025 | D10: 0.0025 | E10: 0.0531 | F10: 0.0556 | G10: 0.0025
A11: 39805 | B11: 0.0252 | C11: 0.0225 | D11: -0.0027 | E11: 0.0558 | F11: 0.0531 | G11: -0.0027
A12: 39779 | B12: 0.036 | C12: 0.0252 | D12: -0.0108 | E12: 0.0666 | F12: 0.0558 | G12: -0.0108
A13: 39751 | B13: 0.0387 | C13: 0.036 | D13: -0.0027 | E13: 0.0693 | F13: 0.0666 | G13: -0.0027
A14: 39730 | B14: 0.0414 | C14: 0.0387 | D14: -0.0027 | E14: 0.072 | F14: 0.0693 | G14: -0.0027
A15: 39707 | B15: 0.0414 | C15: 0.0414 | D15: 0 | E15: 0.0747 | F15: 0.072 | G15: -0.0027
... A25: 37308 | B25: 0.0225 | C25: 0.0198 | D25: -0.0027 | E25: 0.0585 | F25: 0.0531 | G25: -0.0054
